 Dungeon Crawl Stone Soup version 0.29-a0-286-g41199d4a87 (webtiles) character file.

Game seed: 7164873635441167859

116046 mopl the Stickfighter (level 16, -4/131 (133) HPs)
             Began as a Palentonga Gladiator on Mar 15, 2022.
             Was a High Priest of Okawaru.
             Slain by a +1 glaive of venom (19 damage)
             ... on level 1 of the Elven Halls on Mar 16, 2022.
             The game lasted 01:02:22 (26420 turns).

mopl the Stickfighter (Palentonga Gladiator)       Turns: 26420, Time: 01:02:22

HP:   -4/131 (133)  AC: 41    Str: 26    XL:     16   Next: 20%
MP:   22/24         EV:  9    Int: 13    God:    Okawaru [*****.]
Gold: 1819          SH:  0    Dex: 15    Spells: 15/15 levels left

rFire   . . .      SeeInvis +   a - +6 quarterstaff of Purpose {vorpal, +Blink rElec rPois}
rCold   + . .      Faith    .   (shield currently unavailable)
rNeg    + . .      Spirit   .   O - +11 plate armour "Gagukaoh" {rC+}
rPois   +          Reflect  .   v - -3 helmet of Yggepyed {Will+ Str+3 Dex+2}
rElec   +          Harm     .   U - scarf {+Inv}
rCorr   .          Rampage  .   r - +0 pair of gloves
Will    ++...                   J - +2 barding of Defence {Int+3 Stlth+}
Stlth   ..........              x - amulet of regeneration
HPRegen 1.11/turn               f - ring of flight
MPRegen 0.19/turn               W - ring of positive energy

@: lethally poisoned (-4 -> -12), heroic, flying, studying Throwing, lightly
drained, curled up
A: large, rugged brown scales 3, see invisible, deformed body, roll 1, armoured
tail, reflexive curl
a: Rolling Charge, Renounce Religion, Evoke Blink, Evoke Invisibility, Heroism,
Finesse, Duel


You were on level 1 of the Elven Halls.
You worshipped Okawaru.
Okawaru was extremely pleased with you.
You visited 5 branches of the dungeon, and saw 25 of its levels.
You also visited: Sewer, Ossuary and Bailey.

You collected 3226 gold pieces.
You spent 1407 gold pieces at shops.

Inventory:

Hand Weapons
 a - the +6 quarterstaff of Purpose (weapon) {vorpal, +Blink rElec rPois}
   (You found it on level 9 of the Dungeon)

   It inflicts extra damage upon your enemies.
   rElec:     It insulates you from electricity.
   rPois:     It protects you from poison.
   +Blink:    It lets you blink.
 b - a +2 vampiric lajatang
 w - the +6 quarterstaff of Destiny {vorpal, rF+ Int+3 Stlth+}
   (You found it on level 13 of the Dungeon)

   It inflicts extra damage upon your enemies.
   Int:       It affects your intelligence (+3).
   rF:        It protects you from fire.
   Stlth:     It makes you more stealthy.
Missiles
 d - 4 throwing nets
 e - 6 javelins
 q - 10 boomerangs of dispersal
 F - 52 poisoned darts
 G - 27 boomerangs (quivered)
 P - 11 curare-tipped darts
 Q - 10 datura-tipped darts
Armour
 r - a +0 pair of gloves (worn)
 v - the -3 helmet of Yggepyed (worn) {Will+ Str+3 Dex+2}
   (You found it in a sewer)

   Str:       It affects your strength (+3).
   Dex:       It affects your dexterity (+2).
   Will:      It increases your willpower.
 J - the +2 barding of Defence (worn) {Int+3 Stlth+}
   (Okawaru gifted it to you on level 14 of the Dungeon)

   Int:       It affects your intelligence (+3).
   Stlth:     It makes you more stealthy.
 O - the +11 plate armour "Gagukaoh" (worn) {rC+}
   (You found it on level 9 of the Dungeon)

   rC:        It protects you from cold.
 U - a scarf of invisibility (worn)
Jewellery
 f - a ring of flight (left hand)
 x - an amulet of regeneration (around neck)
 I - a ring of fire
 W - a ring of positive energy (right hand)
Wands
 c - a wand of iceblast (11)
 i - a wand of flame (55)
 S - a wand of acid (1)
 V - a wand of digging (4)
Scrolls
 j - 3 scrolls of silence {!r}
 k - 4 scrolls of blinking
 m - 6 scrolls of vulnerability
 u - 2 scrolls of fog
 y - 9 scrolls of teleportation
 z - 3 scrolls of fear
 K - 9 scrolls of magic mapping
 M - 4 scrolls of identify
Potions
 g - a potion of brilliance
 n - 2 potions of haste
 t - 2 potions of lignification {!q}
 A - 5 potions of might
 B - 4 potions of heal wounds
 D - 2 potions of cancellation
 L - a potion of resistance
 T - 4 potions of curing
Miscellaneous
 l - a phial of floods
 s - a condenser vane


   Skills:
 + Level 11.1(16.1) Fighting
 * Level 18.1(23.1) Staves
 + Level 10.7(15.7) Throwing
 + Level 9.2(14.2) Armour
 + Level 9.6(14.6) Dodging
 + Level 10.9 Invocations
 + Level 9.2 Evocations


You had 15 spell levels left.
You didn't know any spells.
Your spell library contained the following spells:

 Spells                   Type           Power      Damage    Failure   Level
 Pain                     Necr           0%         1d4       91%         1
 Corpse Rot               Necr/Air       0%         N/A       97%         2
 Poisonous Vapours        Pois/Air       0%         N/A       97%         2
 Scorch                   Fire           0%         2d5       97%         2
 Static Discharge         Conj/Air       0%         N/A       97%         2
 Mephitic Cloud           Conj/Pois/Air  0%         N/A       100%        3
 Stone Arrow              Conj/Erth      0%         3d7       100%        3
 Vampiric Draining        Necr           0%         2d6       100%        3
 Flame Wave               Conj/Fire      0%         2d4       100%        4
 Passage of Golubria      Tloc           0%         N/A       100%        4
 Alistair's Intoxication  Tmut/Pois      0%         N/A       100%        5
 Blade Hands              Tmut           0%         N/A       100%        5
 Borgnjor's Vile Clutch   Necr/Erth      0%         N/A       100%        5
 Freezing Cloud           Conj/Ice/Air   0%         6-21      100%        5
 Irradiate                Conj/Tmut      0%         3d14      100%        5
 Lightning Bolt           Conj/Air       0%         1d11      100%        5
 Silence                  Hex/Air        0%         N/A       100%        5
 Dispersal                Tloc           0%         N/A       100%        6
 Eringya's Noxious Bog    Tmut/Pois      0%         N/A       100%        6
 Dragon Form              Tmut           0%         N/A       100%        7
 Disjunction              Tloc           0%         N/A       100%        8
 Lehudib's Crystal Spear  Conj/Erth      0%         10d2      100%        8
 Maxwell's Capacitive Co  Air            0%         ∞         100%        8
 Shatter                  Erth           0%         3d5*      100%        9
 Animate Skeleton         Necr           Unusable   N/A       N/A         1
 Animate Armour           Summ/Erth      Unusable   N/A       N/A         4
 Summon Cactus Giant      Summ           Unusable   N/A       N/A         6

Dungeon Overview and Level Annotations

Branches:
Dungeon (15/15)            Temple (1/1) D:5            Lair (6/6) D:8
  Swamp (0/4) Lair:4        Snake (0/4) Lair:4        Slime (0/5) Lair:6
    Orc (2/2) D:11            Elf (1/3) Orc:2        Vaults (0/5) D:13
 Depths (0/4) D:15          Sewer (visited)         Ossuary (visited)
 Bailey (visited)

Altars:
Ashenzari
Cheibriados
Dithmenos
Elyvilon
Fedhas
Gozag
Hepliaklqana
Kikubaaqudgha
Makhleb
Nemelex Xobeh
Okawaru
Qazlal
Ru
Sif Muna
Trog
Uskayaw
Vehumet
Wu Jian
Xom
Yredelemnul
Zin
The Shining One
Beogh

Shops:
D:4 *   D:10 :   D:13 ??=   Orc:2 :!*?=?

Portals:
Bazaar: D:13


Innate Abilities, Weirdness & Mutations

You are completely covered in rugged brown scales. (AC +3, +7% HP)
You have supernaturally acute eyesight. (SInv)
Armour fits poorly on your strangely shaped body.
You can roll at nearby foes to attack.
You have a long armoured tail.
You curl defensively after being hit. (AC +7*)


Message History

The +1 glaive of venom is lightly damaged.
You feel very sick. The +1 glaive of venom hits you.
You feel the dreadful sensation subside.
a - the +6 quarterstaff of Purpose (weapon)
{vorpal, +Blink rElec rPois} You feel very sick.
The +1 glaive of venom hits you!
You closely miss the +1 glaive of venom.
You tail-slap the +1 glaive of venom!
The +1 glaive of venom is moderately damaged.
You feel very sick.
You sock the +1 glaive of venom!
The +1 glaive of venom is heavily damaged.
You feel very sick.
The +1 glaive of venom hits you but does no damage.
You barely miss the +1 glaive of venom.
The +1 glaive of venom is heavily damaged.
You feel very sick. The +1 glaive of venom hits you!
* * * LOW HITPOINT WARNING * * *
You miss the +1 glaive of venom.
The +1 glaive of venom is heavily damaged.
You feel very sick.
You gain the combat prowess of a mighty hero.
You feel very sick.
The +1 glaive of venom hits you but does no damage.
The +1 glaive of venom closely misses you.
You thump the +1 glaive of venom! You tail-slap the +1 glaive of venom.
The +1 glaive of venom is almost destroyed.
You feel sick.
You closely miss the +1 glaive of venom.
The +1 glaive of venom is almost destroyed.
You feel sick. The +1 glaive of venom hits you.
* * * LOW HITPOINT WARNING * * *
You are more poisoned.
You miss the +1 glaive of venom.
Your tail-slap misses the +1 glaive of venom.
The +1 glaive of venom is almost destroyed.
You feel sick. The +1 glaive of venom hits you!!
You die...

...#.[ #E# ## ...#.. #e# #.
######.......8(..eE# #.
##.#......# ......#E# ##.
##.........# .E....#.# #.#
#..####....# ..(e. #.# ..#
#..........####.## #.# ))##
##)#####........... ..#
.#.## ##..#..(@.........#
.## .##.##
##.#.#.###.........##
.###.###)##.#.###...........
.# ##)..###.#.#.............
.# ##### #.#.#.........#
.##########..#........###
............###.......#
###########..#.......##
#.#.#....)##


You could see a +1 glaive of venom.

Vanquished Creatures
  Kirke (D:14)
  Gastronok (D:8)
  Agnes (D:14)
  Erolcha (D:9)
  12 hydras
  Fannar (D:11)
  5 vault guards (D:13)
  2 ogre magi
  12 two-headed ogres
  4 centaur warriors
  A catoblepas (Lair:3)
  3 boulder beetles
  10 death yaks
  2 tengu warriors
  A vampire mage (D:14)
  2 dancing weapons (Elf:1)
  3 deep elf knights (Elf:1)
  Sonja (Lair:6)
  3 skeletal warriors
  A golden dragon zombie (D:15)
  Lodul (D:14)
  A bog body (Lair:4)
  A golden dragon skeleton (D:15)
  3 deep elf archers (Elf:1)
  7 deep elf zephyrmancers
  7 deep elf pyromancers
  A stone giant zombie (D:15)
  A necromancer (D:15)
  2 orc knights
  A fire giant zombie (D:15)
  An ugly thing (D:11)
  5 cyclopes
  8 orc sorcerers
  The ghost of Namnaref the Cudgeller, a novice GrBe of Trog (D:5)
  2 manticores (D:15)
  13 elephants
  4 black mambas
  Joseph (D:9)
  4 torpor snails
  2 gargoyles
  Maggie (D:9)
  A cane toad (shapeshifter) (D:15)
  14 cane toads
  A freezing wraith (D:15)
  14 komodo dragons
  A tengu conjurer (D:13)
  A yaktaur (D:13)
  An efreet (D:14)
  4 rime drakes
  5 polar bears
  3 trolls
  A wind drake (shapeshifter) (Elf:1)
  Prince Ribbit (D:6)
  8 slime creatures
  6 hornets
  11 blink frogs
  A dream sheep (Lair:6)
  Sigmund (D:6)
  13 spriggans
  2 shadows
  An air elemental (Elf:1)
  A water elemental (Orc:2)
  6 wyverns
  A fire elemental (Orc:2)
  3 hogs (D:14)
  71 yaks
  2 wraiths
  9 basilisks
  2 humans (D:14)
  9 vampire mosquitoes
  4 steam dragons
  A naga (Lair:4)
  5 wargs
  2 acid dragons
  10 water moccasins
  16 orc warriors
  A swamp drake (D:8)
  4 black bears
  2 ice beasts (D:5)
  3 sky beasts
  36 wolves
  16 ogres
  14 centaurs
  4 boggarts (Lair:6)
  9 kobold brigands
  15 bullfrogs
  3 earth elementals (Elf:1)
  A gnoll sergeant (D:9)
  2 necrophages
  8 water moccasin zombies (Ossuary)
  2 scorpions
  5 wights
  13 killer bees
  4 howler monkeys
  3 electric eels
  2 quasits (D:5)
  3 hounds (D:5)
  2 jellies (D:6)
  12 orc priests
  3 gnoll shamans
  38 orc wizards
  An iguana (D:7)
  7 hell rats (Lair:3)
  2 mummies (Ossuary)
  10 gnolls
  13 river rats
  16 adders
  2 adder zombies (Ossuary)
  9 worms
  3 dart slugs
  74 orcs
  7 bats
  11 endoplasms
  7 giant cockroaches
  8 hobgoblins
  4 jackals (D:2)
  15 quokkas
  11 ball pythons
  16 frilled lizards
  5 gnoll zombies (Ossuary)
  5 goblins
  7 hobgoblin zombies (Ossuary)
  28 kobolds
  5 kobold zombies (Ossuary)
  4 orc zombies (Ossuary)
  22 rats
863 creatures vanquished.

Vanquished Creatures (others)
  An orc wizard (Orc:2)
  A river rat (Lair:3)
  A rat (Lair:3)
  A bush (Lair:4)
  29 fungi
  36 plants
  2 withered plants (D:15)
71 creatures vanquished.

Grand Total: 934 creatures vanquished

Notes
Turn   | Place    | Note
-------+----------+-------------------------------------------
     0 | D:1      | mopl the Palentonga Gladiator began the quest for the Orb.
     0 | D:1      | Reached XP level 1. HP: 17/17 MP: 1/1
    95 | D:1      | Reached XP level 2. HP: 18/23 MP: 2/2
   287 | D:1      | Found a faded altar of an unknown god.
   691 | D:2      | Reached XP level 3. HP: 28/28 MP: 3/3
  1023 | D:2      | Reached skill level 1 in Armour
  1098 | D:2      | Reached XP level 4. HP: 33/36 MP: 4/4
  1589 | D:3      | Reached skill level 4 in Staves
  1659 | D:3      | Reached XP level 5. HP: 15/42 MP: 5/5
  1667 | D:3      | Reached skill level 2 in Throwing
  1686 | D:3      | Found a glowing drain.
  1693 | Sewer    | Entered a sewer
  1895 | Sewer    | Reached skill level 3 in Dodging
  2041 | Sewer    | Reached skill level 3 in Fighting
  2091 | Sewer    | Reached XP level 6. HP: 39/50 MP: 6/6
  2199 | Sewer    | Identified the -3 helmet of Yggepyed {Will+ Str+3 Dex+2}
  2537 | D:3      | You fall into a shaft and drop 3 floors!
  2562 | D:6      | Reached skill level 2 in Armour
  2566 | D:6      | Reached skill level 5 in Staves
  2826 | D:6      | Noticed a sky beast
  2836 | D:6      | Found a stormy altar of Qazlal.
  2837 | D:6      | Noticed Sigmund
  2839 | D:6      | Found a radiant altar of Vehumet.
  2839 | D:6      | Found a hazy altar of Hepliaklqana.
  2842 | D:6      | Found an ornate altar of the Wu Jian Council.
  2863 | D:5      | Entered Level 5 of the Dungeon
  3261 | D:4      | HP: 1/50 [orc wizard/magic dart (3)]
  3267 | D:4      | Gained mutation: You curl defensively after being hit. (AC
                  | +7*) [Palentonga growth]
  3267 | D:4      | Reached XP level 7. HP: 1/55 MP: 7/7
  3516 | D:4      | Found a sand-covered staircase.
  3522 | Ossuary  | Entered an ossuary
  3776 | Ossuary  | Reached skill level 4 in Fighting
  3776 | Ossuary  | Reached skill level 3 in Throwing
  3787 | Ossuary  | Reached skill level 6 in Staves
  3806 | Ossuary  | Upgraded the game from 0.29-a0-284-gf9362112df to
                  | 0.29-a0-286-g41199d4a87
  3821 | Ossuary  | Reached XP level 8. HP: 61/64 MP: 8/8
  3849 | Ossuary  | Reached skill level 4 in Dodging
  3911 | D:4      | Found Pihisistrye's Assorted Antiques.
  3927 | D:4      | Bought a scroll labelled UMYPNE FETTE for 27 gold pieces
  3927 | D:4      | Bought a scroll labelled PODDUENOCA for 27 gold pieces
  3927 | D:4      | Bought a yellow potion for 24 gold pieces
  4933 | D:5      | Reached skill level 3 in Armour
  4961 | D:5      | Found a transporter.
  4962 | D:5      | Noticed Namnaref's ghost (novice GrBe)
  5062 | D:5      | Found a staircase to the Ecumenical Temple.
  5106 | Temple   | Entered the Ecumenical Temple
  5263 | Temple   | Became a worshipper of Warmaster Okawaru
  5316 | D:5      | Found a hide-covered altar of Uskayaw.
  5490 | D:5      | Found a transporter.
  5505 | D:5      | Reached skill level 7 in Staves
  5526 | D:5      | Reached skill level 1 in Invocations
  5548 | D:5      | Reached skill level 1 in Evocations
  5860 | D:6      | Killed Sigmund
  5860 | D:6      | Reached * piety under Okawaru
  5861 | D:6      | Reached XP level 9. HP: 71/71 MP: 10/10
  5901 | D:5      | Reached skill level 5 in Fighting
  6032 | D:6      | Reached skill level 2 in Invocations
  6176 | D:6      | Noticed Prince Ribbit
  6177 | D:6      | Noticed a troll
  6194 | D:6      | Killed a troll
  6201 | D:6      | HP: 2/72 [Prince Ribbit (12)]
  6202 | D:6      | Killed Prince Ribbit
  6203 | D:6      | Reached skill level 4 in Throwing
  6203 | D:6      | Reached skill level 2 in Evocations
  6948 | D:7      | Reached skill level 8 in Staves
  6948 | D:7      | Reached skill level 4 in Armour
  7133 | D:7      | Reached ** piety under Okawaru
  7159 | D:7      | Reached skill level 3 in Invocations
  7199 | D:7      | Reached skill level 5 in Dodging
  7504 | D:8      | Found a snail-covered altar of Cheibriados.
  7614 | D:8      | Found a basalt altar of Yredelemnul.
  7900 | D:8      | Found a broken altar of Ashenzari.
  8060 | D:8      | Reached *** piety under Okawaru
  8061 | D:8      | Reached XP level 10. HP: 69/81 MP: 12/12
  8125 | D:8      | Reached skill level 3 in Evocations
  8140 | D:8      | Reached skill level 6 in Fighting
  8189 | D:8      | Found a staircase to the Lair.
  9041 | D:9      | Noticed Gastronok
  9059 | D:8      | Killed Gastronok
  9059 | D:8      | Received a gift from Okawaru
  9060 | D:8      | Reached skill level 9 in Staves
  9060 | D:8      | Reached skill level 4 in Invocations
  9200 | D:9      | Noticed a two-headed ogre
  9481 | D:8      | Reached skill level 5 in Armour
  9544 | D:8      | Reached **** piety under Okawaru
  9574 | D:8      | Killed a two-headed ogre
  9575 | D:8      | Reached skill level 5 in Invocations
  9575 | D:8      | Reached skill level 4 in Evocations
  9655 | D:9      | Noticed Maggie
  9663 | D:9      | Reached skill level 5 in Throwing
  9663 | D:9      | Reached XP level 11. HP: 78/86 MP: 11/14
  9681 | D:9      | Killed Maggie
  9981 | D:9      | Identified the +11 plate armour "Gagukaoh" {rC+}
 10022 | D:9      | Noticed Erolcha
 10067 | D:9      | Killed Erolcha
 10068 | D:9      | Reached skill level 10 in Staves
 10068 | D:9      | Reached skill level 6 in Dodging
 10162 | D:9      | Received a gift from Okawaru
 10271 | D:9      | Reached skill level 7 in Fighting
 10362 | D:9      | Noticed Joseph
 10395 | D:9      | Killed Joseph
 10773 | D:9      | Identified the +6 quarterstaff of Purpose {vorpal, +Blink
                  | rElec rPois}
 10902 | D:10     | Entered Level 10 of the Dungeon
 10942 | D:10     | Found Ibeclayhumm's Self-Improvement Boutique.
 11000 | D:10     | Found a glowing golden altar of the Shining One.
 11088 | D:10     | Found a flagged portal.
 11097 | Bailey   | Entered a bailey
 11288 | Bailey   | Noticed an orc knight
 11310 | Bailey   | Killed an orc knight
 11332 | Bailey   | Found a burning altar of Makhleb.
 11411 | D:10     | Received a gift from Okawaru
 11426 | D:10     | Reached skill level 6 in Invocations
 11536 | D:10     | Reached skill level 5 in Evocations
 11631 | D:10     | Noticed a two-headed ogre
 11640 | D:10     | Killed a two-headed ogre
 12092 | D:10     | Reached ***** piety under Okawaru
 12099 | D:10     | Identified a scroll of acquirement
 12101 | D:10     | Acquired a manual of Staves
 12206 | D:10     | Bought a manual of Throwing for 960 gold pieces
 12295 | Lair:1   | Entered Level 1 of the Lair of Beasts
 12308 | Lair:1   | Noticed an eight-headed hydra
 12319 | Lair:1   | Killed an eight-headed hydra
 12319 | Lair:1   | Received a gift from Okawaru
 12320 | Lair:1   | Reached skill level 11 in Staves
 12357 | Lair:1   | Reached XP level 12. HP: 97/97 MP: 16/16
 12394 | Lair:1   | Received a gift from Okawaru
 12399 | Lair:1   | Reached skill level 6 in Armour
 12582 | Lair:1   | Reached skill level 6 in Throwing
 13035 | Lair:2   | Noticed an eight-headed hydra
 13039 | Lair:2   | Reached skill level 12 in Staves
 13043 | Lair:2   | Killed an eight-headed hydra
 13044 | Lair:2   | Reached skill level 8 in Fighting
 13050 | Lair:2   | Reached skill level 7 in Invocations
 13098 | Lair:2   | Identified the +2 robe "Qadghig" {Str+4 Dex+2}
 13586 | Lair:2   | Reached skill level 7 in Dodging
 13775 | Lair:3   | Noticed a catoblepas
 13789 | Lair:3   | Killed a catoblepas
 13943 | Lair:3   | Noticed a five-headed hydra
 13952 | Lair:3   | Killed a five-headed hydra
 13953 | Lair:3   | Reached skill level 6 in Evocations
 13967 | Lair:3   | Noticed a four-headed hydra
 13977 | Lair:3   | Killed a four-headed hydra
 14010 | Lair:3   | Reached skill level 13 in Staves
 14077 | Lair:3   | Noticed a five-headed hydra
 14084 | Lair:3   | Killed a five-headed hydra
 14084 | Lair:3   | Received a gift from Okawaru
 14085 | Lair:3   | Reached skill level 7 in Throwing
 14182 | Lair:3   | Noticed a four-headed hydra
 14198 | Lair:3   | Killed a four-headed hydra
 14819 | Lair:4   | Reached XP level 13. HP: 105/105 MP: 16/18
 14940 | Lair:4   | Found a staircase to the Snake Pit.
 15010 | Lair:4   | Got the Guide on Dusty Weightlessness
 15075 | Lair:4   | Received a gift from Okawaru
 15165 | Lair:4   | Reached skill level 7 in Armour
 15189 | Lair:4   | Found a staircase to the Swamp.
 15198 | Lair:4   | Reached skill level 8 in Invocations
 15260 | Lair:4   | Reached skill level 14 in Staves
 15273 | Lair:4   | Received a gift from Okawaru
 15305 | Lair:4   | Received a gift from Okawaru
 15791 | Lair:5   | Reached skill level 9 in Fighting
 15970 | Lair:5   | You are sucked into a shaft and drop 1 floor!
 15970 | Lair:6   | Entered Level 6 of the Lair of Beasts
 15980 | Lair:6   | Reached skill level 7 in Evocations
 16016 | Lair:6   | Reached skill level 8 in Throwing
 16200 | Lair:5   | Reached skill level 15 in Staves
 16573 | Lair:5   | Reached skill level 8 in Dodging
 16839 | Lair:6   | Reached XP level 14. HP: 18/115 MP: 20/20
 17143 | Lair:6   | Received a gift from Okawaru
 17282 | Lair:6   | Paralysed by a hornet for 1 turns
 17287 | Lair:6   | Reached skill level 9 in Invocations
 17403 | Lair:6   | Identified the +0 robe of the Baker {Harm Str+2 Dex+3}
                  | (Okawaru gifted it to you on level 6 of the Lair of Beasts)
 17403 | Lair:6   | Received a gift from Okawaru
 17564 | Lair:6   | Reached skill level 16 in Staves
 17616 | Lair:6   | Noticed Sonja
 17624 | Lair:6   | Killed Sonja
 17694 | Lair:6   | Reached skill level 8 in Armour
 17704 | Lair:6   | Reached skill level 9 in Throwing
 17791 | Lair:6   | Found a staircase to the Slime Pits.
 18305 | D:11     | Found a staircase to the Orcish Mines.
 18587 | D:11     | Reached skill level 10 in Fighting
 18615 | D:11     | Noticed Fannar
 18624 | D:11     | Killed Fannar
 18662 | D:11     | Received a gift from Okawaru
 18671 | D:11     | Reached skill level 8 in Evocations
 19637 | D:12     | Reached skill level 17 in Staves
 20035 | D:13     | Found Akykuymm's Jewellery Shoppe.
 20152 | D:13     | Reached XP level 15. HP: 78/123 MP: 22/22
 20267 | D:13     | Found a gate to the Vaults.
 20426 | D:13     | Found Guawaf's Magic Scroll Boutique.
 20444 | D:13     | Bought a scroll of teleportation for 51 gold pieces
 20444 | D:13     | Bought a scroll of magic mapping for 59 gold pieces
 20444 | D:13     | Bought a scroll of teleportation for 51 gold pieces
 20444 | D:13     | Bought a scroll of vulnerability for 127 gold pieces
 20444 | D:13     | Bought a scroll of identify for 34 gold pieces
 20444 | D:13     | Bought a scroll of identify for 34 gold pieces
 20468 | D:13     | Identified the +6 quarterstaff of Destiny {vorpal, rF+
                  | Int+3 Stlth+}
 20821 | D:13     | Found Guideimu's Magic Scroll Shoppe.
 21112 | D:13     | Found a gateway to a bazaar.
 21178 | D:14     | Received a gift from Okawaru
 21339 | D:14     | Noticed Agnes
 21349 | D:14     | Killed Agnes
 21394 | D:14     | Identified the +2 barding of Defence {Int+3 Stlth+}
                  | (Okawaru gifted it to you on level 14 of the Dungeon)
 21394 | D:14     | Received a gift from Okawaru
 21477 | D:14     | Reached skill level 10 in Invocations
 21547 | D:14     | Reached skill level 9 in Dodging
 21709 | D:14     | Noticed Kirke
 21721 | D:14     | Killed Kirke
 21742 | D:14     | Noticed Lodul
 21757 | D:14     | Killed Lodul
 21948 | D:14     | Reached skill level 10 in Throwing
 22103 | D:14     | Reached ****** piety under Okawaru
 22188 | D:15     | Entered Level 15 of the Dungeon
 22207 | D:15     | Found a staircase to the Depths.
 22457 | D:15     | Received a gift from Okawaru
 22678 | D:15     | Received a gift from Okawaru
 22927 | D:15     | Identified the +1 robe of Ocsevakaxt {Str+2} (Okawaru
                  | gifted it to you on level 15 of the Dungeon)
 22927 | D:15     | Received a gift from Okawaru
 23771 | Orc:1    | Entered Level 1 of the Orcish Mines
 24075 | Orc:2    | Entered Level 2 of the Orcish Mines
 24091 | Orc:2    | Reached skill level 9 in Armour
 24159 | Orc:2    | Found Wyg Ycu's Magic Scroll Shoppe.
 24160 | Orc:2    | Found Anwyur's General Store.
 24160 | Orc:2    | Found a staircase to the Elven Halls.
 24164 | Orc:2    | Bought 2 atropa-tipped darts for 13 gold pieces
 24218 | Orc:2    | Reached skill level 9 in Evocations
 24439 | Orc:2    | Found Veoleg's Distillery.
 24486 | Orc:2    | Found Fiosiur's Book Shop.
 24559 | Orc:2    | Reached skill level 11 in Fighting
 24706 | Orc:2    | Found Tehoatza's Jewellery Shoppe.
 24768 | Orc:2    | Found Udol's Magic Scroll Shop.
 25296 | D:5      | Killed Namnaref's ghost
 25297 | D:5      | Reached XP level 16. HP: 118/133 MP: 24/24
 25612 | Elf:1    | Entered Level 1 of the Elven Halls
 25747 | Orc:2    | Reached skill level 18 in Staves
 26124 | Elf:1    | HP: 6/127 [+2 battleaxe of draining (22)]
 26143 | Elf:1    | Paralysed by an air elemental for 1 turns
 26420 | Elf:1    | Slain by a +1 glaive of venom

Illustrated notes

Levels and vault maps discovered:
D:1:      amcnicky_arrival_feature_with_door, layout_basic,
          shapermc_ecumenical_altar_ellora, hangedman_decor_clover_reticule
D:2:      layout_loops_cross, minmay_misc_feat_room
D:3:      layout_basic, lightli_sewer_entry_pipes, minmay_lizard_king
D:4:      layout_loops_ring, serial_shops, shop, nicolae_ossuary_entry_plus,
          chequers_hall_statues_wall_a, kennysheep_pointless_box,
          kennysheep_generic_room_13
D:5:      layout_loops_ring, mainiacjoe_overflow_catwalk,
          minmay_temple_entry_statues_pillars, gammafunk_ghost_stat_death,
          kennysheep_generic_room_3
D:6:      layout_basic, grunt_temple_overflow_open,
          amcnicky_mini_corridor_feature, uniq_prince_ribbit1, uniq_sigmund
D:7:      layout_basic, centaur_isle
D:8:      layout_layer_cave, amcnicky_altar_gilded,
          mainiacjoe_overflow_large_starburst, erik_lair_dragon
D:9:      minmay_s_stair_smasher, layout_irregular_city, uniq_joseph,
          uniq_erolcha, uniq_maggie, uniq_gastronok
D:10:     kennysheep_steamy, layout_stronghold, lemuel_doored_altar,
          enter_bailey_2, nicolae_shop_self_help
D:11:     layout_irregular_city, orc_0_dummy, uniq_fannar
D:12:     layout_loops_corners
D:13:     layout_long_grid, grunt_vaults_entry_fortified, serial_shops,
          bzr_firewalk, shop, nicolae_shop_trees, nicolae_shop_hallway_plus
D:14:     layout_irregular_city, serial_rivers, chequers_serial_rivers_micro_e,
          chequers_serial_rivers_small_b, chequers_serial_rivers_micro_e,
          chequers_serial_rivers_small_a, minmay_bent, uniq_agnes, uniq_lodul,
          uniq_kirke
D:15:     gammafunk_depths_entry_grave, layout_stronghold,
          chequers_serial_rivers_micro_b
Temple:   oiseaux_autumnal_temple
Lair:1:   layout_gridlike, grunt_megastairs_4
Lair:2:   layout_regular_city
Lair:3:   lemuel_ratsnest, layout_regular_city, infiniplex_staircase_pool_2
Lair:4:   layout_regular_city, skrybe_swamp_entry_bodies,
          guppyfry_snake_entry_island
Lair:5:   layout_loops_ring, wad_woods_river_01, grunt_megastairs_3,
          lemuel_fruit_tree
Lair:6:   minmay_lair_end_enchanted_forest, layout_concentric_octagons,
          slime_dummy, uniq_sonja
Orc:1:    layout_caves, nicolae_orc_lava_room
Orc:2:    st_orc_town, layout_caves, serial_shops, shop, shop_statue,
          nicolae_orc_flooded_monolith
Elf:1:    minmay_elf_arrival_circle, layout_loops_ring, serial_shops, shop,
          basic_altar, minivault_28, grunt_ministairs_11, minmay_shop_star,
          lemuel_upstairs_altar, uniq_jorgrun

Skill      XL: |  1  2  3  4  5  6  7  8  9 10 11 12 13 14 15 16 |
---------------+-------------------------------------------------+-----
Armour         | 1 2 3 4 5 6 7 8 9 |  9.2
Staves         | 4 5 6 7 8 9 11 13 15 17 18 | 18.1
Throwing       | 2 3 4 5 7 8 9 10 | 10.7
Dodging        | 3 4 5 6 7 8 9 |  9.6
Fighting       | 3 4 5 6 7 8 9 10 11 | 11.1
Invocations    | 1 3 5 6 7 8 9 10 | 10.9
Evocations     | 1 2 4 5 6 7 8 9 |  9.2

Action                   |  1- 3 |  4- 6 |  7- 9 | 10-12 | 13-15 | 16-18 || total
-------------------------+-------+-------+-------+-------+-------+-------++-------
Melee: Quarterstaff      |   112 |   203 |   542 |   712 |  1172 |    50 ||  2791
       Tailslap          |    10 |    28 |    90 |   144 |   317 |    20 ||   609
       Trident           |       |       |       |     5 |       |       ||     5
       Punch             |       |       |       |     1 |       |       ||     1
       Lajatang          |       |       |       |       |   526 |    85 ||   611
Throw: Dart              |       |       |     6 |    33 |    13 |    15 ||    67
       Throwing net      |       |       |       |     3 |       |       ||     3
       Boomerang         |       |       |       |    24 |       |     8 ||    32
Invok: Heroism           |       |       |     1 |    33 |    30 |     2 ||    66
       Finesse           |       |       |       |       |     1 |     1 ||     2
Evoke: Condenser vane    |       |       |       |     1 |     1 |       ||     2
  Use: Potion            |       |     5 |     1 |     3 |     1 |     2 ||    12
       Scroll            |       |       |     6 |    11 |     7 |     1 ||    25
 Stab: Confused          |       |       |       |     3 |     1 |       ||     4
Armor: Leather armour    |     6 |       |       |       |       |       ||     6
       Ring mail         |    35 |    66 |       |       |       |       ||   101
       Scale mail        |       |    35 |   182 |       |       |       ||   217
       Skin              |       |     1 |     4 |       |       |       ||     5
       Plate armour      |       |       |    36 |   327 |  1039 |   109 ||  1511
Dodge: Dodged            |    41 |   109 |   193 |   216 |   527 |    55 ||  1141

Table legend: (Time is in decaauts)
 A = Elapsed time spent in this place.
 B = Non-inter-level travel time spent in this place.
 C = Inter-level travel time spent in this place.
 D = Time resting spent in this place.
 E = Time spent auto-exploring this place.
 F = Levels seen in this place.
 G = Mean time per level.
                   A        B        C        D        E       F      G
               +--------+--------+--------+--------+--------+-----+--------+
         Total |  25681 |  23751 |   1930 |   2761 |  14175 |  28 |  917.2 |
       Dungeon |  16755 |  15227 |   1528 |   1847 |   9314 |  15 | 1117.0 |
        Temple |    186 |    152 |     34 |      0 |    132 |   1 |  186.0 |
          Lair |   5597 |   5374 |    223 |    231 |   3659 |   6 |  932.8 |
  Orcish Mines |   1461 |   1318 |    143 |    164 |    748 |   2 |  730.5 |
   Elven Halls |    491 |    491 |      0 |    145 |    106 |   1 |  491.0 |
         Sewer |    560 |    560 |      0 |    280 |    124 |   1 |  560.0 |
       Ossuary |    364 |    364 |      0 |     89 |     75 |   1 |  364.0 |
        Bailey |    264 |    264 |      0 |      4 |     15 |   1 |  264.0 |
               +--------+--------+--------+--------+--------+-----+--------+

Top non-repeatable levels by time:
     D:8: 2392 daAuts
     D:9: 1298 daAuts
    D:13: 1231 daAuts
    D:10: 1176 daAuts
  Lair:6: 1154 daAuts
     D:6: 1150 daAuts
     D:5: 1123 daAuts
    D:14: 1097 daAuts
     D:7: 1089 daAuts
    D:15: 1087 daAuts
     D:3: 1066 daAuts
   Orc:2: 1032 daAuts
  Lair:5: 1020 daAuts
  Lair:3: 991 daAuts
  Lair:4: 975 daAuts
